 Dungeon Crawl Stone Soup version 0.31.0-11-ge490571c62 (webtiles) character file.

Game seed: 14266350908752974101

116 Silvore the Trooper (level 4, -4/35 HPs)
             Began as a Demonspawn Fighter on Feb 9, 2024.
             Slain by Sigmund
             ... wielding a +0 scythe
              (6 damage)
             ... on level 2 of the Dungeon.
             The game lasted 00:02:28 (1726 turns).

Silvore the Trooper (Demonspawn Fighter)            Turns: 1726, Time: 00:02:29

Health: -4/35      AC:  6    Str: 18    XL:     4   Next: 70%
Magic:  4/4        EV:  9    Int:  9    God:
Gold:   135        SH:  0    Dex: 12    Spells: 3/3 levels left

rFire   . . .        a - +1 long sword
rCold   . . .        c - +0 buckler
rNeg    . . .        b - +0 scale mail
rPois   .            (no helmet)
rElec   .            (no cloak)
rCorr   .            (no gloves)
SInv    .            (no boots)
Will    .....        (no amulet) Stlth
                     (no ring)
HPRegen 0.25/turn    (no ring)
MPRegen 0.09/turn

%: no passive effects
@: confused, mighty
A: powered by death 1, condensation shield, weakness stinger 1
a: no special abilities


You were on level 2 of the Dungeon.
You visited 1 branch of the dungeon, and saw 3 of its levels.

You collected 135 gold pieces.

Inventory:

Hand Weapons
 a - a +1 long sword (weapon)
Armour
 b - a +0 scale mail (worn)
 c - a +0 buckler (worn)
 g - an orb of energy
Jewellery
 e - a +6 ring of dexterity
Wands
 j - a wand of flame (25)
Scrolls
 f - a scroll of amnesia
Potions
 h - a potion of lignification {unknown}
 i - a potion of mutation
 l - a potion of haste {unknown}
 m - a potion of attraction {unknown}


   Skills:
 + Level 3.4 Fighting
 + Level 3.3 Long Blades
 + Level 3.3 Armour
 + Level 0.5 Dodging
 + Level 0.1 Stealth
 + Level 3.0 Shields


You had 3 spell levels left.
You didn't know any spells.
Your spell library was empty.

Dungeon Overview and Level Annotations

Branches:
Dungeon (3/15)

Altars:
Yredelemnul

Annotations:
D:3 Robin, Sigmund


Innate Abilities, Weirdness & Mutations

You regenerate a little health from kills.
A meltable shield of frost defends you. (SH +0)
You have a small tail.


Message History

The goblin closely misses you.
The goblin unwields a +0 club.
The goblin wields a +0 sling.
The goblin shoots a sling bullet.
You block the sling bullet. You block the goblin's attack.
Robin throws the goblin at you!
* * * LOW HITPOINT WARNING * * *
Your surroundings suddenly seem different.
You open the door.
You start resting.
You feel a little less mighty now.
There is an open door here.
Sigmund shouts!
You hear a shout!
Sigmund gestures at you while chanting. The puff of flame misses you.
Sigmund gestures at you while chanting. The puff of flame hits you!
Your condensation shield dissipates!
Sigmund completely misses you.
There is a stone staircase leading up here.
Sigmund casts a spell.
Sigmund flickers and vanishes!
You climb upwards.
Reactivating autopickup.
There is a stone staircase leading down here.
Deactivating autopickup; reactivate with Ctrl-A.
You closely miss something.
Your tail-slap misses something.
Something hits you but does no damage.
You miss something. Something hits you.
You closely miss something. Something hits you!
* * * LOW HITPOINT WARNING * * *
You miss something. Something hits you.
* * * LOW HITPOINT WARNING * * *
You closely miss something. You barely miss something.
You hear some strange, mumbled words.
You are confused.
Something hits you.
* * * LOW HITPOINT WARNING * * *
You feel very mighty all of a sudden.
You bump into the rock wall.
Something hits you.
You die...

#.# # #.# #
#####################.##########
#..............................#
#.###############..##.########.#
#.# #..##.# #.# #.# #.....# #.#
##.# ######.###.########.# .#.#
#..{@.........^......
.#.##########...##.#.........##.#
............'........#.#####.##.#
.#.##########...##.###..........#
.#.......# #...##.#............#
.##....#.# ######.#.#######..#.#
.##....#.# #.#.#.....#..#..
.##....#.#########.#.#.###.#....#
.##....#.#.............).......##


There were no monsters in sight!

Vanquished Creatures
  Natasha (thrice) (D:2)
  A ribbon worm (D:2)
  A dart slug (D:1)
  6 ball pythons (D:1)
  8 bats
  2 endoplasms (D:1)
  4 hobgoblins
  3 quokkas
  3 frilled lizards (D:2)
  4 goblins
  2 kobolds (D:2)
  6 rats
43 creatures vanquished.

Notes
Turn   | Place    | Note
-------+----------+-------------------------------------------
     0 | D:1      | Silvore the Demonspawn Fighter began the quest for the Orb.
     0 | D:1      | Reached XP level 1. HP: 18/18 MP: 1/1
   108 | D:1      | Gained mutation: You regenerate a little health from kills.
                  | [demonic ancestry]
   108 | D:1      | Reached XP level 2. HP: 12/24 MP: 2/2
   868 | D:2      | Gained mutation: You have a small tail. [demonic ancestry]
   868 | D:2      | Reached XP level 3. HP: 21/29 MP: 3/3
   948 | D:2      | Identified the +3 sling of Disarray {heavy, Str+3}
   987 | D:2      | Noticed Natasha
   993 | D:2      | Killed Natasha
  1186 | D:2      | Noticed Natasha
  1192 | D:2      | Killed Natasha
  1193 | D:2      | Gained mutation: A meltable shield of frost defends you.
                  | (SH +0) [demonic ancestry]
  1193 | D:2      | Reached XP level 4. HP: 27/35 MP: 4/4
  1417 | D:2      | Noticed Natasha
  1426 | D:2      | Killed Natasha
  1610 | D:3      | Found a basalt altar of Yredelemnul.
  1627 | D:3      | Noticed Sigmund
  1627 | D:3      | Noticed Robin
  1724 | D:2      | HP: 1/35 [something (4)]
  1726 | D:2      | Slain by Sigmund

Illustrated notes

Levels and vault maps discovered:
D:1:      onia_arrival_mini_spirals, layout_rooms
D:2:      layout_basic, uniq_natasha
D:3:      layout_basic, mainiacjoe_overflow_24_doors, lemuel_crystal_altar,
          minmay_gold_behind_fungi, minmay_strange_pillars, uniq_robin,
          uniq_sigmund

Skill      XL: |  1  2  3  4 |
---------------+-------------+-----
Armour         | 3 |  3.3
Long Blades    | 2 3 |  3.3
Shields        | 3 |  3.0
Fighting       | |  3.4
Dodging        | |  0.5
Stealth        | |  0.1

Action                     |  1- 3 |  4- 6 || total
---------------------------+-------+-------++-------
  Melee: Long sword        |   100 |    36 ||   136
         Tailslap          |     3 |       ||     3
    Use: Scroll            |     3 |     3 ||     6
         Potion            |       |     2 ||     2
 Armour: Scale mail        |    77 |    37 ||   114
  Dodge: Dodged            |    55 |    27 ||    82
  Block: Buckler           |    22 |    26 ||    48
